P, lawful male human Samurai ..---. --...(.%). |<.)...%.- -..@...%.| .GG.... P the Ronin Experience level: 5 Strength: 16 Dexterity: 15 Constitution: 18 Intelligence: 11 Wisdom: 11 Charisma: 7 Health: 0(49) Energy: 17(17) Def: 0 Gold: 646 Moves: 1648 Dungeon seed: eR1fE86phcpw0XSN Game ID: P_1631213188 Your Inventory: Coins $ - 646 gold pieces Amulets O - an uncursed amulet of magical breathing Weapons b - a +0 wakizashi c - a +0 yumi d - 15 +0 ya (in quiver) k - a +0 trident B - a +0 orcish dagger C - 12 +0 darts D - 12 blessed +0 arrows F - a +0 aklys K - a blessed +0 elven dagger P - a cursed -2 aklys R - 5 +0 crossbow bolts Scrolls s - a blessed scroll of identify t - an uncursed scroll of light v - an uncursed scroll of identify Potions S - an uncursed potion of object detection Rings p - an uncursed ring of searching (on left hand) Tools f - an uncursed blindfold i - an uncursed blindfold l - an uncursed tooled horn G - a cursed partly used wax candle (0:287) M - an uncursed tin whistle Gems n - 3 uncursed worthless pieces of white glass q - an uncursed garnet stone y - an uncursed worthless piece of yellowish brown glass z - an uncursed worthless piece of blue glass Y - an uncursed worthless piece of orange glass Spells and supernatural/magical abilities: Name Level Category Fail Memory W - pray for help -- divine ? -- Your skills at the end: Fighting Skills martial arts [Basic] Weapon Skills short sword [Basic] long sword [Basic] bow [Basic] Spellcasting Skills Final Attributes: You were nominally aligned. You had automatic searching. You were a werejackal. You were fast. You are dead. Vanquished creatures: an imp a water nymph a rock mole 3 gnome lords 3 dwarves a werejackal an acid blob 2 coyotes a hobbit a large kobold a brown mold 2 yellow molds 11 gnomes a gnome zombie 2 geckos a jackal a kobold 2 goblins 3 sewer rats a kobold zombie 5 newts 45 creatures vanquished. Voluntary challenges: You were an atheist. You used a wielded weapon 35 times, starting on turn 257. You read items or engraved 2 times, starting on turn 673. You never genocided any monsters. You never polymorphed an object. You changed form 4 times, starting on turn 1450. You used no wishes. You never split a pudding. You never wrote Elbereth's name. You violated your moral code, losing 46 points of alignment, starting on turn 1422. Dungeon overview: The Dungeons of Doom: levels 1 to 4 Level 1 a fountain a long staircase Level 2 Level 3 a general store Level 4 some fountains stairs to The Gnomish Mines The Gnomish Mines: levels 5 to 6 Level 5 stairs to The Dungeons of Doom Level 6 <- You were here History has recorded: On T:1 you entered the Dungeons of Doom to retrieve the Amulet of Yendor! On T:300 you reached level 2 of The Dungeons of Doom. On T:617 you reached level 3 of The Dungeons of Doom. On T:968 you advanced to experience level 2. On T:1066 you reached level 4 of The Dungeons of Doom. On T:1231 you advanced to experience level 3. On T:1358 you reached level 1 of The Gnomish Mines. On T:1398 you advanced to experience level 4. On T:1482 you advanced to experience level 5. On T:1611 you reached level 2 of The Gnomish Mines. Score breakdown: Gold: 646 ( 9561 points) Experience: 5 levels (11141 points) Exploration: 6 levels ( 13.04%) (10000 points) Discoveries: 7 items ( 2.85%) ( 5060 points) Valuables value: (no points given unless you survive) Artifact value: 0 ( 0 points) Variety of kills: 21 monsters ( 5.51%) ( 7043 points) Turncount: 1648 turns ( 0 points) Survival: died (score multiplied by 80%) Total score: 34244 Latest messages: The flask crashes on your head and breaks into shards. Something seems to be holding you. The gnome lord wields a dagger! The gnome hits! The gnome lord thrusts his dagger. The gnome lord hits! The gnome lord thrusts his dagger. The gnome lord hits! The gnome hits! You can move again. You kill the gnome! The gnome lord thrusts his dagger. The gnome lord hits! You hit the gnome lord. (2x) The gnome lord thrusts his dagger. The gnome lord hits! You hit the gnome lord! You miss the gnome lord. You hit the gnome lord. The gnome lord thrusts his dagger. The gnome lord hits! The gnome hits! You die... Final status: Sayonara P the Samurai, killed by a gnome... You died in The Gnomish Mines on dungeon level 6 with 34244 points, and 646 pieces of gold, after 1648 moves. You were level 5 with a maximum of 49 hit points when you died.